 Dungeon Crawl Stone Soup version 0.19.4-8-ga85b6b9 (webtiles) character file.

8473 kraedy the Basher (level 11, -7/67 HPs)
             Began as a Gargoyle Fighter on Feb 9, 2017.
             Was a High Priest of Okawaru.
             Mangled by an ice devil (8 damage)
             ... in an ice cave.
             The game lasted 00:25:38 (10682 turns).

kraedy the Basher (Gargoyle Fighter)               Turns: 10682, Time: 00:25:39

Health: -7/67      AC: 17    Str: 31    XL:     11   Next: 31%
Magic:  7/14       EV: 13    Int: 12    God:    Okawaru [*****.]
Gold:   447        SH: 15    Dex:  9    Spells: 0 memorised, 10 levels left

rFire  . . .     SeeInvis .     D - +2 flail (protect)
rCold  + . .     Gourm    .     I - +0 leather armour of the Eternal Void {rC+ Str+4}
rNeg   + . .     Faith    .     p - +2 shield
rPois  ∞         Spirit   .     d - +0 helmet
rElec  +         Reflect  .     y - +1 cloak
rCorr  .         Harm     .     (no gloves)
MR     .....     Rnd*Rage +     e - +0 pair of boots
Stlth  ++........               (no amulet)
                                (no ring)
                                L - +4 ring of intelligence

@: mighty, heroism, finesse, flying
A: big wings, berserk 1, dopey 1, low mp 1, mutation resistance 1, negative
energy resistance 1, electricity resistance, unbreathing, petrification
resistance, rot immunity, subdued magic 2, AC +7
a: Stop Flying, Heroism, Finesse, Renounce Religion


You were in an ice cave.
You worshipped Okawaru.
Okawaru was extremely pleased with you.
You were very hungry.

You visited 3 branches of the dungeon, and saw 11 of its levels.
You also visited: Ice Cave.

You collected 629 gold pieces.
You spent 182 gold pieces at shops.

Inventory:

Hand Weapons
 c - a +0 flail of holy wrath
 r - a +2 whip of venom
 D - a +2 flail of protection (weapon)
 U - a +0 blowgun
Missiles
 g - 6 curare-tipped needles
Armour
 d - a +0 helmet (worn)
 e - a +0 pair of boots (worn)
 p - a +2 shield (worn)
 y - a +1 cloak (worn)
 C - a +1 ring mail of magic resistance
 I - the +0 leather armour of the Eternal Void (worn) {rC+ Str+4}
   (You bought it in a shop on level 5 of the Dungeon)

   It affects your strength (+4).
   It protects you from cold.
 X - a +0 plate armour
Jewellery
 k - a cursed amulet of inaccuracy {unknown}
 L - a +4 ring of intelligence (left hand)
Wands
 m - a wand of enslavement (9/24)
Scrolls
 a - 3 scrolls of enchant weapon
 h - 2 scrolls of immolation
 j - 2 scrolls of recharging
 q - a scroll of remove curse
 s - a scroll of amnesia
 w - 3 scrolls of fog
 G - a scroll of teleportation
 J - a scroll of enchant armour
 N - 2 scrolls of blinking
Potions
 b - 2 potions of cancellation
 u - 3 potions of might
 v - a potion of lignification
 z - 2 potions of brilliance
 A - 2 potions of invisibility {unknown}
 B - a potion of magic
 H - 2 potions of beneficial mutation {unknown}
 M - 3 potions of heal wounds {unknown}
 O - 2 potions of curing {unknown}
 P - a potion of degeneration {unknown}
 S - 2 potions of ambrosia {unknown}
 W - a potion of agility {unknown}
Comestibles
 f - 8 bread rations
 i - 2 slices of pizza
 l - a royal jelly
 o - 4 meat rations
 t - 3 beef jerkies
 R - 3 fruits


   Skills:
 + Level 7.2(12.2) Fighting
 * Level 12.2(17.2) Maces & Flails
 + Level 7.5(12.5) Armour
 + Level 7.4(12.4) Shields
 + Level 6.5 Invocations


You had 10 spell levels left.
You didn't know any spells.

Dungeon Overview and Level Annotations

Branches:
Dungeon (9/15)             Temple (1/1) D:4            Lair (1/6) D:9
    Orc (0/2) D:9

Altars:
Ashenzari
Cheibriados
Dithmenos
Elyvilon
Fedhas
Gozag
Hepliaklqana
Kikubaaqudgha
Makhleb
Nemelex Xobeh
Okawaru
Qazlal
Ru
Sif Muna
Trog
Uskayaw
Vehumet
Xom
Yredelemnul
Zin
The Shining One

Shops:
D:5 [

Annotations:
Lair:1 Nergalle


Innate Abilities, Weirdness & Mutations

You are resistant to torment.
Your stone body is resilient. (AC +7)
You are immune to poison.
You resist negative energy. (rN+)
You are resistant to electric shocks. (rElec)
You can survive without breathing.
You are immune to petrification.
You are immune to rotting.
Your large and strong wings let you fly indefinitely.
You tend to lose your temper in combat.
You are dopey. (Int -2)
Your magical capacity is low. (-10% MP)
You are somewhat resistant to further mutation.
Your spells are easier to cast, but less powerful.


Message History

You block the ice devil's attack. The ice devil hits you!
The ice devil freezes you! You resist.
You barely miss the ice devil.
The ice devil is moderately wounded.
You block the ice devil's attack. x2
You block the ice devil's attack.
You feel very mighty all of a sudden. You block the ice devil's attack.
You can now deal lightning-fast blows.
The ice devil hits you but does no damage.
The ice devil misses you.
You gain the combat prowess of a mighty hero.
The ice devil hits you!
* * * LOW HITPOINT WARNING * * *
The ice devil freezes you! You resist.
* * * LOW HITPOINT WARNING * * *
The ice devil hits you.
* * * LOW HITPOINT WARNING * * *
The ice devil freezes you! You resist.
You die...

..# ... .... .....
#### .....# ##@.##
......######44..##
...4....##.......#
.............∩∩..#
.................#
......##..##....##
.....# ######..##
..... #### ....


You could see 2 ice devils.

Vanquished Creatures
  An elephant (D:9)
  Maurice (D:8)
  A spiny frog (Lair:1)
  A komodo dragon (Lair:1)
  The ghost of Paps the Shield-Bearer, a novice GrFi of Okawaru (D:5)
  Grinder (D:4)
  A hippogriff (Lair:1)
  Sigmund (D:6)
  Eustachio (D:6)
  7 yaks
  Edmund (D:5)
  Menkaure (D:6)
  A porcupine (Lair:1)
  5 orc warriors (D:9)
  4 ice beasts
  3 sky beasts
  2 phantoms (D:4)
  A black bear (D:7)
  A necrophage (D:6)
  4 ogres
  A centaur (D:9)
  2 crocodiles (D:9)
  Blork the orc (D:6)
  3 big kobolds
  8 bullfrogs
  2 jellies (D:7)
  A scorpion (D:4)
  5 killer bees (D:8)
  3 electric eels (D:8)
  4 wights (D:7)
  5 crimson imps
  A centaur zombie (D:7)
  6 hounds
  5 orc priests
  Crazy Yiuf (D:3)
  11 orc wizards
  A centaur skeleton (D:4)
  Jessica (D:3)
  3 iguanas
  Terence (D:3)
  10 worker ants
  A hound zombie (D:5)
  A hound skeleton (D:9)
  Robin (D:2)
  2 worker ant zombies
  3 gnolls (D:3)
  11 adders
  A shadow imp (D:5)
  2 adder skeletons (D:4)
  2 worms
  3 dart slugs
  2 leopard geckos
  25 orcs
  3 giant cockroaches
  14 goblins
  10 hobgoblins
  8 jackals
  4 quokkas
  9 bats
  3 frilled lizards
  A jackal zombie (D:5)
  22 kobolds
  A leopard gecko skeleton (D:6)
  10 rats
253 creatures vanquished.

Notes
Turn   | Place    | Note
-------+----------+-------------------------------------------
     0 | D:1      | kraedy the Gargoyle Fighter began the quest for the Orb.
     0 | D:1      | Reached XP level 1. HP: 14/14 MP: 1/1
    40 | D:1      | Reached XP level 2. HP: 17/19 MP: 2/2
    78 | D:1      | Reached skill level 3 in Maces & Flails
   395 | D:1      | Reached XP level 3. HP: 23/23 MP: 3/3
   685 | D:2      | Noticed Robin
   717 | D:2      | Reached skill level 4 in Maces & Flails
   723 | D:2      | Killed Robin
   723 | D:2      | Reached XP level 4. HP: 7/28 MP: 4/4
  1285 | D:3      | Noticed Jessica
  1583 | D:3      | Killed Jessica
  1606 | D:3      | Reached skill level 5 in Maces & Flails
  1606 | D:3      | Reached XP level 5. HP: 27/32 MP: 5/5
  1891 | D:3      | Noticed Terence
  1897 | D:3      | Killed Terence
  2271 | D:3      | Found a runed door.
  2275 | D:3      | Noticed Crazy Yiuf
  2289 | D:3      | Killed Crazy Yiuf
  2289 | D:3      | Reached skill level 6 in Maces & Flails
  2289 | D:3      | Reached XP level 6. HP: 30/37 MP: 6/6
  2634 | D:4      | Noticed Grinder
  2657 | D:4      | Killed Grinder
  2657 | D:4      | Reached skill level 7 in Maces & Flails
  2657 | D:4      | Reached XP level 7. HP: 35/41 MP: 7/7
  2707 | D:4      | Found a staircase to the Ecumenical Temple.
  2732 | Temple   | Entered the Ecumenical Temple
  2937 | Temple   | Became a worshipper of Warmaster Okawaru
  3088 | D:4      | Reached skill level 8 in Maces & Flails
  3355 | D:4      | Gained mutation: You are somewhat resistant to further mutation. [potion of mutation]
  3355 | D:4      | Gained mutation: You tend to lose your temper in combat. [potion of mutation]
  3390 | D:4      | Reached skill level 9 in Maces & Flails
  3390 | D:4      | Reached XP level 8. HP: 44/46 MP: 8/8
  3646 | D:4      | Reached * piety under Okawaru
  3727 | D:5      | Entered Level 5 of the Dungeon
  3851 | D:5      | Noticed Edmund
  3878 | D:5      | Killed Edmund
  3878 | D:5      | Reached skill level 1 in Invocations
  3996 | D:5      | Noticed Paps's ghost (novice GrFi)
  4010 | D:5      | Killed Paps's ghost
  4361 | D:5      | Reached XP level 9. HP: 34/52 MP: 11/11
  4669 | D:5      | Found Suwnegot's Antique Armour Emporium.
  4677 | D:5      | Bought a faintly glowing leather armour for 182 gold pieces
  4687 | D:5      | Identified the cursed +0 leather armour of the Eternal Void {rC+ Str+4} (You bought it in a shop on level 5 of the Dungeon)
  4805 | D:6      | Noticed Sigmund
  4834 | D:6      | Killed Sigmund
  4834 | D:6      | Reached skill level 10 in Maces & Flails
  4999 | D:6      | Reached ** piety under Okawaru
  5085 | D:6      | Noticed Blork the orc
  5118 | D:6      | Reached skill level 5 in Armour
  5131 | D:6      | Killed Blork the orc
  5131 | D:6      | Reached skill level 5 in Fighting
  5131 | D:6      | Reached skill level 5 in Shields
  5143 | D:6      | Noticed Menkaure
  5149 | D:6      | Killed Menkaure
  5602 | D:6      | Noticed Eustachio
  5617 | D:6      | Killed Eustachio
  5659 | D:6      | Gained mutation: Your spells are a little easier to cast, but a little less powerful. [potion of mutation]
  6032 | D:7      | Gained mutation: Your spells are easier to cast, but less powerful. [potion of mutation]
  6075 | D:7      | Reached *** piety under Okawaru
  6086 | D:7      | Reached XP level 10. HP: 34/60 MP: 13/13
  6285 | D:7      | Reached skill level 11 in Maces & Flails
  6779 | D:7      | Reached skill level 5 in Invocations
  7037 | D:7      | Reached **** piety under Okawaru
  7218 | D:8      | Noticed Maurice
  7242 | D:8      | Killed Maurice
  7361 | D:8      | Found a radiant altar of Vehumet.
  8147 | D:8      | Gained mutation: You are dopey. (Int -2) [mutagenic meat]
  8148 | D:8      | Gained mutation: Your magical capacity is low. (-10% MP) [mutagenic meat]
  8436 | D:8      | Gained mutation: Your large and strong wings let you fly indefinitely. [mutagenic meat]
  8878 | D:9      | Found a staircase to the Orcish Mines.
  9150 | D:9      | Reached XP level 11. HP: 56/66 MP: 12/13
  9378 | D:9      | Found a staircase to the Lair.
  9411 | D:9      | Reached skill level 12 in Maces & Flails
  9589 | D:9      | Reached ***** piety under Okawaru
 10207 | Lair:1   | Entered Level 1 of the Lair of Beasts
 10444 | Lair:1   | Noticed Nergalle
 10515 | Lair:1   | Found a frozen archway.
 10523 | IceCv    | Entered an ice cave
 10682 | IceCv    | HP: 1/67 [ice devil (4)]
 10682 | IceCv    | Mangled by an ice devil

Skill      XL: |  1  2  3  4  5  6  7  8  9 10 11 |
---------------+----------------------------------+-----
Maces & Flails | 3 4 5 6 7 9 10 11 12 | 12.2
Invocations    | 2 4 5 6 |  6.5
Fighting       | 4 5 6 7 |  7.2
Armour         | 4 5 7 |  7.5
Shields        | 4 5 7 |  7.4

Action                   |  1- 3 |  4- 6 |  7- 9 | 10-12 || total
-------------------------+-------+-------+-------+-------++-------
Melee: Flail             |   148 |    60 |    12 |    12 ||   232
       Unarmed           |       |     7 |       |       ||     7
       Whip              |       |   109 |   405 |   623 ||  1137
Invok: Heroism           |       |       |     1 |     3 ||     4
       Finesse           |       |       |       |     1 ||     1
 Abil: Fly               |       |       |       |     1 ||     1
  Use: Potion            |     1 |     1 |     3 |     1 ||     6
       Scroll            |       |     3 |    14 |     2 ||    19
 Stab: Invisible         |       |     2 |       |       ||     2
  Eat: Chunk             |       |     5 |    10 |    31 ||    46
       Pizza             |       |       |     1 |       ||     1
Armor: Scale mail        |    99 |    48 |     3 |       ||   150
       Ring mail         |       |       |   114 |   169 ||   283
       Leather armour    |       |       |       |     3 ||     3
Dodge: Dodged            |    57 |    47 |    56 |    98 ||   258
Block: Shield            |    96 |    75 |   140 |   263 ||   574
